 Dungeon Crawl Stone Soup version 0.19.1 (webtiles) character file.

116 CanadianGator the Skirmisher (level 4, 0/38 HPs)
             Began as a Demonspawn Monk on Dec 5, 2016.
             Slain by a gnoll
             ... wielding a +0 spear
              (10 damage)
             ... on level 3 of the Dungeon.
             The game lasted 00:06:17 (2137 turns).

CanadianGator the Skirmisher (Demonspawn Monk)      Turns: 2137, Time: 00:06:17

Health: 0/38       AC:  4    Str: 12    XL:     4   Next: 69%
Magic:  13/13      EV: 13    Int: 17    God:
Gold:   109        SH:  0    Dex: 15    Spells: 0 memorised, 3 levels left

rFire  . . .     SeeInvis .       - Unarmed
rCold  . . .     Gourm    .     h - +0 leather armour (curse)
rNeg   . . .     Faith    .     (no shield)
rPois  +         Spirit   .     (no helmet)
rElec  .         Reflect  .     (no cloak)
rCorr  .         Harm     .     (no gloves)
MR     .....                    (no boots)
Stlth  ++........               (no amulet)
                                n - ring of magical power
                                d - ring of poison resistance

@: brilliant
A: rugged brown scales 1
a: no special abilities


You were on level 3 of the Dungeon.
You were hungry.

You visited 1 branch of the dungeon, and saw 3 of its levels.

You collected 109 gold pieces.

Inventory:

Armour
 a - a +0 robe
 h - a cursed +0 leather armour (worn)
 t - a +0 ring mail
Jewellery
 d - a ring of poison resistance (left hand)
 k - an uncursed ring of flight
 n - a ring of magical power (right hand)
 p - an uncursed ring of resist corrosion
Scrolls
 c - a scroll of amnesia {unknown}
 e - 3 scrolls of identify {unknown}
 f - 2 scrolls of remove curse {unknown}
 i - a scroll of immolation {unknown}
 m - 2 scrolls of random uselessness {unknown}
 q - a scroll of fear {unknown}
 r - a scroll of enchant armour {unknown}
 s - a scroll of teleportation {unknown}
Potions
 o - a potion of curing {unknown}
 u - a potion of mutation {unknown}
 v - a potion of haste {unknown}
Comestibles
 b - 2 bread rations
 g - a meat ration
 j - 2 slices of pizza


   Skills:
 + Level 3.8 Fighting
 + Level 1.4 Armour
 + Level 3.2 Dodging
 - Level 1.7 Stealth
 * Level 3.6 Unarmed Combat


You had 3 spell levels left.
You didn't know any spells.

Dungeon Overview and Level Annotations

Branches:
Dungeon (3/15)

Altars:


Innate Abilities, Weirdness & Mutations

You are partially covered in rugged brown scales. (AC +1, +3% HP)


Message History

The gnoll hits you with a flail.
You hit the gnoll.
The gnoll is heavily wounded.
The gnoll hits you from afar with a spear.
The gnoll misses you. The gnoll barely misses you.
The gnoll hits you with a flail!
* * * LOW HITPOINT WARNING * * *
You are too injured to fight recklessly!
It was a potion of brilliance.
You feel clever all of a sudden. The gnoll hits you with a club.
* * * LOW HITPOINT WARNING * * *
Okay, then.
You hit the gnoll.
The gnoll is heavily wounded.
The gnoll closely misses you.
You hit the gnoll.
The gnoll is heavily wounded.
The gnoll hits you from afar with a spear!
You die...

........
#. ......#
#.#
#...>.+
####..
#...!.#
#.....
#.....#
#.....
#.....#
#.....
#..ggg#
#.....
##g####..#
##...#.
#.@....#
#......
##.######
##.....
#...#
####..
#...#
####††
+...+
#.....
#...#
#.....
#...#
#.....
##.## ###
####.....
#.####.#
#........


You could see 4 gnolls.

Vanquished Creatures
  A gnoll (D:1)
  3 adders (D:2)
  An ooze (D:2)
  A worm (D:2)
  2 leopard geckos
  4 giant cockroaches
  8 goblins
  12 hobgoblins
  4 jackals
  A quokka (D:3)
  13 bats
  A frilled lizard (D:2)
  8 kobolds
  4 rats
63 creatures vanquished.

Notes
Turn   | Place    | Note
-------+----------+-------------------------------------------
     0 | D:1      | CanadianGator the Demonspawn Monk began the quest for the Orb.
     0 | D:1      | Reached XP level 1. HP: 18/18 MP: 1/1
   150 | D:1      | Gained mutation: You are partially covered in rugged brown scales. (AC +1, +3% HP) [demonic ancestry]
   150 | D:1      | Reached XP level 2. HP: 9/24 MP: 2/2
   771 | D:1      | Reached XP level 3. HP: 28/29 MP: 3/3
   797 | D:1      | Reached skill level 1 in Armour
  1259 | D:2      | Reached XP level 4. HP: 13/37 MP: 4/4
  1274 | D:2      | HP: 2/55 [poisoned by an adder]
  2137 | D:3      | Slain by a gnoll

Skill      XL: |  1  2  3 |
---------------+----------+-----
Unarmed Combat | 3 |  3.6
Armour         | 1 |  1.4
Dodging        | 3 |  3.2
Fighting       | |  3.8
Stealth        | |  1.7

Action                   |  1- 3 |  4- 6 || total
-------------------------+-------+-------++-------
Melee: Unarmed           |   143 |   124 ||   267
       Punch             |     2 |     3 ||     5
  Use: Potion            |       |     4 ||     4
 Stab: Sleeping          |     6 |       ||     6
       Invisible         |       |     3 ||     3
  Eat: Chunk             |       |     2 ||     2
       Beef jerky        |       |     1 ||     1
Armor: Robe              |     8 |       ||     8
       Leather armour    |    20 |    39 ||    59
       Skin              |       |     5 ||     5
Dodge: Dodged            |    98 |   108 ||   206
